 Dungeon Crawl Stone Soup version 0.31-a0-152-g6aa68a64a1 (webtiles) character file.

Game seed: 5995865117831911188

177 Elmgren the Trooper (level 5, 48/48 HPs)
             Began as a Minotaur Berserker on June 9, 2023.
             Was a Believer of Trog.
             Quit the game on level 3 of the Dungeon.
             The game lasted 00:06:29 (1933 turns).

Elmgren the Trooper (Minotaur Berserker)            Turns: 1933, Time: 00:06:30

Health: 48/48      AC:  6    Str: 24    XL:     5   Next: 30%
Magic:  4/4        EV: 11    Int:  4    God:    Trog [**....]
Gold:   191        SH:  0    Dex:  9    Spells: 4/4 levels left

rFire   . . .        a - +0 hand axe
rCold   + . .        (no shield)
rNeg    . . .        f - +1 ring mail {rC+}
rPois   .            (helmet restricted)
rElec   .            (no cloak)
rCorr   .            (no gloves)
SInv    .            (no boots)
Will    .....        (no amulet) Stlth
                     (no ring)
HPRegen 0.28/turn    (no ring)
MPRegen 0.09/turn

%: no passive effects
@: no status effects
A: horns 2, retaliatory headbutt
a: Renounce Religion, Berserk, Trog's Hand


You were on level 3 of the Dungeon.
You worshipped Trog.
Trog was pleased with you.
You visited 1 branch of the dungeon, and saw 3 of its levels.

You collected 191 gold pieces.

Inventory:

Hand Weapons
 a - a +0 hand axe (weapon)
Missiles
 g - a throwing net
Armour
 f - a +1 ring mail of cold resistance (worn)
Wands
 m - a wand of charming (12)
Scrolls
 b - a scroll of immolation {unknown}
 d - 2 scrolls of brand weapon {unknown}
 e - a scroll of butterflies {unknown}
 h - a scroll of enchant weapon {unknown}
 k - 2 scrolls of poison {unknown}
 l - a scroll of magic mapping {unknown}
Potions
 c - a potion of enlightenment {unknown}
 i - a potion of heal wounds {unknown}
 j - 2 potions of curing {unknown}


   Skills:
 + Level 5.2 Fighting
 + Level 5.1 Axes
 + Level 4.2 Armour
 - Level 2.1 Dodging


You had 4 spell levels left.
You didn't know any spells.
Your spell library was empty.

Dungeon Overview and Level Annotations

Branches:
Dungeon (3/15)

Altars:

Shops:
D:3 !


Innate Abilities, Weirdness & Mutations

You have a pair of horns on your head.
You reflexively headbutt those who attack you in melee.


Message History

The worm bites you.
A worm is nearby!
You hit the worm.
The worm is severely wounded.
The worm closely misses you.
A worm is nearby!
You hit the worm.
You kill the worm!
Trog accepts your kill.
Key pressed, stopping explore.
No target in view!
A gnoll comes into view. It is wielding a +0 flail.
The gnoll shouts!
A gnoll is nearby!
A gnoll is nearby!
The gnoll barely misses you.
A gnoll is nearby!
You hit the gnoll but do no damage. Your headbutt misses the gnoll.
The gnoll hits you but does no damage.
A gnoll is nearby!
You hit the gnoll but do no damage. The gnoll hits you with a +0 flail.
A gnoll is nearby!
You closely miss the gnoll. The gnoll misses you.
A gnoll is nearby!
You barely miss the gnoll. The gnoll closely misses you.
A gnoll is nearby!
You hit the gnoll. You headbutt the gnoll.
The gnoll is heavily wounded.
The gnoll hits you with a +0 flail.
A gnoll is nearby!
You slash the gnoll!
You kill the gnoll!
Trog accepts your kill.
Things that are here:
a +0 flail; a gnoll corpse 2 gnolls come into view.
The gnoll shouts!
The gnoll throws a stone.
The stone closely misses you.
There are monsters nearby!
Are you sure you want to abandon this character and quit the game? (Confirm with "yes".)

#.#.##.# ##.#.##.#
##.#.##.#
##†#.##.#
##.#.##.#
##.#.##.#
.....##.##########
...#.##......)...#
####.###########@#
####.# #.# ..##.#
#.# .....# #.#
#.#### #g# #...
#g# ####. #.# #
...


You could see 2 gnolls.

Vanquished Creatures
  Robin (D:2)
  5 gnolls
  4 adders
  2 worms
  3 orcs (D:3)
  6 endoplasms
  2 giant cockroaches (D:1)
  9 goblins
  11 hobgoblins
  2 quokkas
  7 ball pythons
  7 bats
  5 frilled lizards
  5 kobolds
  4 rats
73 creatures vanquished.

Notes
Turn   | Place    | Note
-------+----------+-------------------------------------------
     0 | D:1      | Elmgren the Minotaur Berserker began the quest for the Orb.
     0 | D:1      | Reached XP level 1. HP: 19/19 MP: 0/0
    45 | D:1      | Found a faded altar of an unknown god.
   147 | D:1      | Reached XP level 2. HP: 20/27 MP: 1/1
   600 | D:2      | Reached XP level 3. HP: 24/33 MP: 2/2
   779 | D:2      | Reached ** piety under Trog
   870 | D:2      | Noticed Robin
   881 | D:2      | Reached XP level 4. HP: 41/41 MP: 3/3
   895 | D:2      | Killed Robin
  1067 | D:2      | Reached skill level 5 in Fighting
  1401 | D:3      | Reached XP level 5. HP: 48/48 MP: 4/4
  1406 | D:3      | Reached skill level 5 in Axes
  1461 | D:3      | Found Ihedop's Distillery.
  1933 | D:3      | Quit the game

Illustrated notes

Levels and vault maps discovered:
D:1:      minmay_arrival_loop, layout_rooms, nicolae_ecumenical_lake_church,
          minmay_tetromino_i4
D:2:      layout_basic, uniq_robin
D:3:      layout_loops_ring, lemuel_round_altar, serial_shops,
          nicolae_shop_crystal, roderic_roman_lattice, dreamdust_wishing_well,
          chequers_hall_statues_corner_a, grunt_ministairs_15

Skill      XL: |  1  2  3  4  5 |
---------------+----------------+-----
Fighting       | 4 5 |  5.2
Axes           | 4 5 |  5.1
Armour         | 3 4 |  4.2
Dodging        | |  2.1

Action                     |  1- 3 |  4- 6 || total
---------------------------+-------+-------++-------
  Melee: Hand axe          |    67 |    82 ||   149
         Headbutt          |    11 |    11 ||    22
 Invoke: Berserk           |       |     2 ||     2
 Armour: Animal skin       |     3 |       ||     3
         Ring mail         |    15 |    19 ||    34
  Dodge: Dodged            |    52 |    42 ||    94

Table legend: (Time is in decaauts)
 A = Elapsed time spent in this place.
 B = Non-inter-level travel time spent in this place.
 C = Inter-level travel time spent in this place.
 D = Time resting spent in this place.
 E = Time spent auto-exploring this place.
 F = Levels seen in this place.
 G = Mean time per level.
                   A        B        C        D        E       F      G
               +--------+--------+--------+--------+--------+-----+--------+
         Total |   1967 |   1891 |     76 |    169 |   1346 |   3 |  655.7 |
       Dungeon |   1967 |   1891 |     76 |    169 |   1346 |   3 |  655.7 |
               +--------+--------+--------+--------+--------+-----+--------+

Top non-repeatable levels by time:
     D:2: 798 daAuts
     D:3: 604 daAuts
     D:1: 565 daAuts
